 Dungeon Crawl Stone Soup version 0.21-a0-472-g223bcb9 (webtiles) character file.

176 slep the Slasher (level 5, -10/42 HPs)
             Began as a Demonspawn Monk on Nov 22, 2017.
             Was a Believer of Okawaru.
             Killed by divine providence
             ... invoked by an orc priest
              (13 damage)
             ... on level 4 of the Dungeon.
             The game lasted 00:09:33 (1803 turns).

slep the Slasher (Demonspawn Monk)                  Turns: 1803, Time: 00:09:33

Health: -10/42     AC:  9    Str: 14 (15) XL:     5   Next: 30%
Magic:  0/5        EV: 12    Int: 10 (11) God:    Okawaru [**....]
Gold:   70         SH:  0    Dex: 15      Spells: 4/4 levels left

rFire    . . .     SeeInvis .   a - +0 falchion
rCold    . . .     Gourm    .   (no shield)
rNeg     . . .     Faith    .   i - +0 ring mail
rPois    .         Spirit   +   (helmet restricted)
rElec    .         Reflect  .   (no cloak)
rCorr    .         Harm     .   e - +0 pair of gloves
MR       .....     Rnd*Tele +   (no boots)
Stlth    +.........             (no amulet)
HPRegen  0.14/turn              q - ring of teleportation (curse)
MPRegen  0.09/turn              n - ring of flight

@: no status effects
A: beak, talons 1, icy blue scales 1, shaggy fur 1, strong 1, magic shield, rot
immunity
a: Heroism, Renounce Religion, Evoke Flight


You were on level 4 of the Dungeon.
You worshipped Okawaru.
Okawaru was pleased with you.
You were not hungry.

You visited 2 branches of the dungeon, and saw 5 of its levels.

You collected 70 gold pieces.

Inventory:

Hand Weapons
 a - a +0 falchion (weapon)
Armour
 b - a +0 robe
 e - a +0 pair of gloves (worn)
 i - a +0 ring mail (worn)
Jewellery
 n - a ring of flight (right hand)
 q - a cursed ring of teleportation (left hand)
Scrolls
 k - a scroll of amnesia {unknown}
 o - a scroll of identify {unknown}
 p - a scroll of fog {unknown}
Potions
 d - a potion of berserk rage {unknown}
 h - 2 potions of curing
Comestibles
 c - a bread ration
 l - 5 fruits


   Skills:
 + Level 3.8 Fighting
 + Level 4.1 Long Blades
 + Level 1.5 Armour
 + Level 3.1 Dodging
 + Level 2.1 Stealth


You had 4 spell levels left.
You didn't know any spells.

Dungeon Overview and Level Annotations

Branches:
Dungeon (4/15)             Temple (1/1) D:4

Altars:
Ashenzari
Cheibriados
Elyvilon
Fedhas
Gozag
Kikubaaqudgha
Makhleb
Nemelex Xobeh
Okawaru
Qazlal
Ru
Sif Muna
Xom
Yredelemnul
Zin
The Shining One

Shops:
D:3 *

Annotations:
D:2 Terence
D:4 Edmund


Innate Abilities, Weirdness & Mutations

You are partially covered in icy blue scales. (AC +2)
When hurt, damage is shared between your health and your magic reserves.
You are immune to rotting.
You have a beak for a mouth.
You have sharp toenails.
You are covered in fur. (AC +1)
Your muscles are strong. (Str +2)


Message History

You escape the ball python's grasp.
An orc, an orc wizard and Edmund come into view.
Edmund is wielding a flail of protection.
Edmund shouts!
The orc wizard shouts!
The adder bites you but does no damage. The adder bites you.
* * * LOW HITPOINT WARNING * * *
An orc wizard comes into view. It is wielding a dagger.
As you read the scroll labeled GIPNEI MEIMM, it crumbles to dust.
The creatures around you are filled with an inner flame!
It was a scroll of immolation.
The orc wizard shouts!
The adder bites you but does no damage. Edmund hits you but does no damage.
The ball python bites you but does no damage.
The ball python barely misses you.
The orc priest casts a cantrip, but nothing happens.
Edmund hits you with a flail of protection!
* * * LOW HITPOINT WARNING * * *
The orc priest invokes the aid of Beogh against you.
Beogh smites you!
You die...

## ..# # #.# .
#.# .# #.###.#
#######.#...
#.....#.#.###...
###.#@@.......
#...SS#.###...
....#....#.#
.... #o####..
#..


oo. ..# #o...## #.# #..o. .# ..o .# .. You could see Edmund (inner flame), an
orc priest (inner flame), 2 orc wizards, an adder (inner flame), an orc
(wandering) and a ball python (inner flame).

Vanquished Creatures
  Blork the orc (D:4)
  A hound (Temple)
  An orc wizard (D:4)
  3 worms
  A dart slug (D:1)
  3 orcs
  A ball python (D:4)
  6 bats
  A giant cockroach (D:1)
  7 goblins
  4 hobgoblins
  2 jackals (D:4)
  A quokka (D:3)
  4 kobolds (D:1)
  6 rats
42 creatures vanquished.

Notes
Turn   | Place    | Note
-------+----------+-------------------------------------------
     0 | D:1      | slep the Demonspawn Monk began the quest for the Orb.
     0 | D:1      | Reached XP level 1. HP: 18/18 MP: 1/1
    86 | D:1      | Gained mutation: You are partially covered in icy blue scales. (AC +2) [demonic ancestry]
    86 | D:1      | Reached XP level 2. HP: 24/24 MP: 2/2
   191 | D:1      | Reached skill level 3 in Long Blades
   744 | D:2      | Gained mutation: When hurt, damage is shared between your health and your magic reserves. [demonic ancestry]
   744 | D:2      | Reached XP level 3. HP: 6/29 MP: 3/3
  1225 | D:2      | Noticed Terence
  1254 | D:3      | Found Zin's Purification Station.
  1256 | D:3      | Found a glowing silver altar of Zin.
  1463 | D:4      | Found a staircase to the Ecumenical Temple.
  1466 | D:4      | Noticed Blork the orc
  1471 | Temple   | Entered the Ecumenical Temple
  1496 | Temple   | Reached skill level 1 in Armour
  1496 | Temple   | Gained mutation: You are immune to rotting. [demonic ancestry]
  1496 | Temple   | Reached XP level 4. HP: 12/35 MP: 2/4
  1700 | Temple   | Became a worshipper of Warmaster Okawaru
  1700 | Temple   | Reached * piety under Okawaru
  1700 | Temple   | Reached ** piety under Okawaru
  1719 | D:4      | Gained mutation: Scrolls take you a little longer to read. [potion of mutation]
  1719 | D:4      | Gained mutation: Your mind is acute. (Int +2) [potion of mutation]
  1721 | D:4      | Lost mutation: Scrolls take you a little longer to read. [potion of mutation]
  1721 | D:4      | Lost mutation: Your mind is acute. (Int +2) [potion of mutation]
  1721 | D:4      | Gained mutation: You are covered in fur. (AC +1) [potion of mutation]
  1721 | D:4      | Gained mutation: Your muscles are strong. (Str +2) [potion of mutation]
  1721 | D:4      | Gained mutation: You have sharp toenails. [potion of mutation]
  1721 | D:4      | Gained mutation: You have a beak for a mouth. [potion of mutation]
  1736 | D:4      | Killed Blork the orc
  1736 | D:4      | Reached XP level 5. HP: 19/42 MP: 3/5
  1789 | D:4      | Reached skill level 4 in Long Blades
  1800 | D:4      | Noticed Edmund
  1803 | D:4      | Killed from afar by an orc priest

Vault maps used:
D:1:      minmay_arrival_open_corners, serial_park_tiny_2
D:2:      uniq_terence
D:3:      zin_purify, minmay_hedge_maze
D:4:      minmay_temple_entry_crystal_x, gup_sewer_entry_bowl,
          uniq_blork_the_orc, uniq_edmund, uniq_natasha, uniq_crazy_yiuf_cottage
Temple:   nicolae_temple_no_exploring_needed

Skill      XL: |  1  2  3  4  5 |
---------------+----------------+-----
Long Blades    | 3 4 |  4.1
Dodging        | 3 |  3.1
Stealth        | 2 |  2.1
Armour         | 1 |  1.5
Fighting       | |  3.8

Action                   |  1- 3 |  4- 6 || total
-------------------------+-------+-------++-------
Melee: Falchion          |   139 |    22 ||   161
       Kick              |       |    10 ||    10
       Peck              |       |     5 ||     5
  Use: Potion            |       |     7 ||     7
       Scroll            |       |     1 ||     1
 Stab: Sleeping          |     6 |       ||     6
  Eat: Chunk             |     2 |     1 ||     3
Armor: Robe              |     1 |       ||     1
       Ring mail         |    37 |     9 ||    46
Dodge: Dodged            |    91 |    23 ||   114
       Rpst.: Falchion   |    35 |     6 ||    41

Table legend:
 A = Spawn XP
 B = Non-spawn XP
 C = Spawn XP percentage of total XP
 D = Spawn monster count
 E = Non-spawn monster count
 F = Spawn count percentage of total count
 G = Total turns spent on level
                    A         B        C        D         E        F      G
               +---------+---------+-------+---------+---------+-------+---------
         Total |       0 |     252 |   0.0 |       0 |      42 |   0.0 |  1803
               +---------+---------+-------+---------+---------+-------+---------
           D:1 |       0 |      39 |   0.0 |       0 |      22 |   0.0 |  1015
           D:2 |       0 |      12 |   0.0 |       0 |       5 |   0.0 |   225
           D:3 |       0 |      12 |   0.0 |       0 |       6 |   0.0 |   223
           D:4 |       0 |     142 |   0.0 |       0 |       7 |   0.0 |   101
        Temple |       0 |      47 |   0.0 |       0 |       2 |   0.0 |   239
               +---------+---------+-------+---------+---------+-------+---------
